 Dungeon Crawl Stone Soup version 0.31-a0-216-g22e908daa7 (webtiles) character file.

Game seed: 2252653953415592841

23592 qw the Cleaver (level 13, -18/82 HPs)
             Began as a Gargoyle Fighter on July 1, 2023.
             Was an Elder of Okawaru.
             Killed from afar by an oklob plant (28 damage)
             ... with a splash of acid
             ... on level 4 of the Lair of Beasts.
             The game lasted 00:05:21 (10704 turns).

qw the Cleaver (Gargoyle Fighter)                  Turns: 10704, Time: 00:05:22

Health: -18/82     AC: 18    Str: 23    XL:     13   Next: 7%
Magic:  20/20      EV:  9    Int: 11    God:    Okawaru [****..]
Gold:   574        SH:  6    Dex:  9    Spells: 12/12 levels left

rFire   + . .        r - +2 broad axe (heavy)
rCold   . . .        c - +0 buckler
rNeg    + . .        h - +1 plate armour
rPois   inf          (no helmet)
rElec   +            (no cloak)
rCorr   .            (no gloves)
SInv    .            (no boots)
Will    .....        (no amulet) Stlth
                     f - +4 ring of protection
HPRegen 0.33/turn    l - ring of protection from fire
MPRegen 0.17/turn

%: no passive effects
@: about to teleport, heroic, corroded
A: sickness immunity, AC +9, negative energy resistance 1, electricity
resistance, torment resistance 1, petrification resistance
a: Renounce Religion, Heroism, Finesse


You were on level 4 of the Lair of Beasts.
You worshipped Okawaru.
Okawaru was greatly pleased with you.
You visited 3 branches of the dungeon, and saw 13 of its levels.

You collected 847 gold pieces.
You spent 273 gold pieces at shops.


Innate Abilities, Weirdness & Mutations

You are immune to sickness and miasma.
Your stone body is resilient. (AC +9)
You are immune to poison.
You resist negative energy. (rN+)
You are resistant to electric shocks. (rElec)
You are resistant to unholy torment.
You are immune to petrification.


   Skills:
 - Level 10.0(15.0) Fighting
 - Level 13.9(18.9) Axes
 + Level 3.2(8.2) Throwing
 - Level 8.2(13.2) Armour
 - Level 2.1(7.1) Dodging
 - Level 6.0(11.0) Shields
 - Level 10.0 Invocations


You had 12 spell levels left.
You didn't know any spells.
Your spell library was empty.

Inventory:

Hand Weapons
 o - a +0 morningstar
 r - a +2 heavy broad axe (weapon)
Missiles
 a - 2 boomerangs
 u - 2 javelins (quivered)
Armour
 b - a +2 pair of gloves
 c - a +0 buckler (worn)
 h - a +1 plate armour (worn)
 k - a +0 pair of gloves
 p - a +0 cloak
Jewellery
 f - a +4 ring of protection (left hand)
 l - a ring of protection from fire (right hand)
Scrolls
 n - 2 scrolls of identify
 Y - 3 scrolls of teleportation
Potions
 d - 6 potions of might
 e - 8 potions of curing
 g - a potion of haste
 i - 3 potions of attraction
 j - 2 potions of lignification
 m - a potion of cancellation
 q - 2 potions of heal wounds
 s - a potion of magic
 t - a potion of enlightenment
 v - a potion of degeneration

Dungeon Overview and Level Annotations

Branches:
Dungeon (8/15)             Temple (1/1) D:4            Lair (4/5) D:8
  Swamp (0/4) Lair:2       Spider (0/4) Lair:3        Slime (0/5) Lair:4

Altars:
Ashenzari
Cheibriados
Dithmenos
Elyvilon
Fedhas
Gozag
Hepliaklqana
Kikubaaqudgha
Makhleb
Nemelex Xobeh
Okawaru
Qazlal
Ru
Sif Muna
Trog
Uskayaw
Vehumet
Wu Jian
Yredelemnul
Zin
The Shining One
Jiyva

Shops:
D:5 !

Annotations:
Lair:4 exclusion: 3 oklob plants


Message History

Enter note:
Enter note:
Found a staircase to the Slime Pits.
The oklob plant spits acid at you.
The splash of acid hits you but does no damage.
The oklob plant spits acid at you. The splash of acid hits you.
The acid corrodes you!
Enter note:
Enter note:
Enter note:
Enter note:
Enter note:
10702 ||| FLEEEEING.
The oklob plant spits acid at you. The splash of acid hits you!!
The oklob plant spits acid at you.
The splash of acid hits you but does no damage.
Enter note:
Enter note:
Enter note:
Enter note:
Enter note:
Enter note:
Enter note:
Enter note:
Enter note:
Enter note:
10703 ||| READING 3 scrolls of identify.
As you read the scroll of identify, it crumbles to dust.
v - a potion of degeneration;
10703 ||| IDENTIFYING purple potion The oklob plant spits acid at you.
The splash of acid hits you! The oklob plant spits acid at you.
The splash of acid hits you! The acid corrodes you!
10704 ||| READING 4 scrolls of teleportation.
As you read the scroll of teleportation, it crumbles to dust.
You feel strangely unstable. The oklob plant spits acid at you.
The splash of acid hits you!!
You die...

########
####......####
#.....@......##
#............P.
#....####..._P.
##....## #..P>
#.....### #..
#.......#### .
##......#..#
####.....##
###....#


You could see 3 oklob plants.

Vanquished Creatures
  A hydra (Lair:2)
  3 death yaks (Lair:4)
  A skyshark (Lair:2)
  3 black mambas
  Maurice (D:8)
  13 cane toads
  Maggie (D:6)
  A rime drake (Lair:3)
  9 komodo dragons
  2 polar bears
  2 hornets (Lair:3)
  9 blink frogs
  A jumping spider (Lair:3)
  3 wyverns
  20 yaks
  3 basilisks
  A steam dragon (D:8)
  6 water moccasins
  Duvessa (D:6)
  A sky beast (D:6)
  3 black bears
  3 orc warriors (D:8)
  3 ice beasts
  An ogre (D:6)
  A centaur (D:5)
  15 wolves
  3 phantoms
  10 bullfrogs
  A scorpion (D:5)
  Dowan (D:6)
  16 wights
  18 killer bees
  A howler monkey (D:6)
  An electric eel (Lair:2)
  3 orc priests
  2 jellies
  A gnoll bouda (D:7)
  4 hounds
  A sleepcap (D:5)
  2 iguanas
  6 orc wizards
  8 gnolls
  14 adders
  A shadow imp (D:6)
  A white imp (D:4)
  An ufetubus (D:6)
  A worm (D:3)
  4 dart slugs
  31 orcs
  2 bats
  3 endoplasms
  A giant cockroach (D:2)
  10 goblins
  9 hobgoblins
  2 quokkas
  4 ball pythons (D:3)
  3 frilled lizards
  5 kobolds
  4 rats
282 creatures vanquished.

Vanquished Creatures (others)
  A spectral weapon (Lair:1)
1 creature vanquished.

Grand Total: 283 creatures vanquished

Notes
Turn   | Place    | Note
-------+----------+-------------------------------------------
     0 | D:1      | qw the Gargoyle Fighter began the quest for the Orb.
     0 | D:1      | Reached XP level 1. HP: 14/14 MP: 1/1
     0 | D:1      | 0 ||| qw: Version: 0.3-a-35-g05ef00e
     0 | D:1      | 0 ||| qw: Game counter: 7771
     0 | D:1      | 0 ||| qw: Melee chars always use a shield: true
     0 | D:1      | 0 ||| qw: God list: Okawaru
     0 | D:1      | 0 ||| qw: Allow faded altars: false
     0 | D:1      | 0 ||| qw: Do Orc after clearing Dungeon:15 true
     0 | D:1      | 0 ||| qw: Do second Lair branch before Depths: true
     0 | D:1      | 0 ||| qw: Lair rune preference: random
     0 | D:1      | 0 ||| qw: Goals: Normal, Zot:1-4, Slime:5, God:TSO, Crypt,
                  | Tomb, Abyss, Pan, Hells, Win
     0 | D:1      | 0 ||| PLANNING D:1-11
   108 | D:1      | Reached skill level 2 in Axes
   228 | D:1      | Reached XP level 2. HP: 19/19 MP: 2/2
   242 | D:1      | Found a faded altar of an unknown god.
   307 | D:1      | 307 ||| DROPPING +0 whip.
   447 | D:1      | 447 ||| Stepping ~*~*~tactically~*~*~ (hiding).
   871 | D:1      | 871 ||| UPGRADING to +4 ring of protection.
   872 | D:1      | 872 ||| DRINKING 3 silvery potions.
   961 | D:2      | Reached skill level 3 in Axes
  1001 | D:2      | Reached XP level 3. HP: 23/23 MP: 3/3
  1119 | D:2      | 1119 ||| DROPPING +0 whip of pain.
  1329 | D:2      | 1329 ||| DROPPING +6 ring of intelligence.
  1330 | D:2      | 1330 ||| READING 3 scrolls labelled YTIAGR VOORCHE.
  1331 | D:2      | 1331 ||| READING scroll labelled MALATOUVE.
  1332 | D:2      | 1332 ||| READING scroll labelled SIFUEXT ASCHUOL.
  1333 | D:2      | 1333 ||| DROPPING 2 scrolls of summoning.
  1570 | D:3      | 1570 ||| Stepping ~*~*~tactically~*~*~ (stealth).
  1575 | D:3      | 1575 ||| Stepping ~*~*~tactically~*~*~ (stealth).
  1646 | D:3      | 1646 ||| Stepping ~*~*~tactically~*~*~ (stealth).
  1652 | D:3      | Reached XP level 4. HP: 28/28 MP: 4/4
  1753 | D:3      | 1753 ||| Stepping ~*~*~tactically~*~*~ (hiding).
  1929 | D:3      | Found a hide-covered altar of Uskayaw.
  1966 | D:3      | Reached skill level 4 in Axes
  2071 | D:3      | 2071 ||| READING 4 scrolls labelled PALEQE XEFUM.
  2072 | D:3      | 2072 ||| READING 3 scrolls of identify.
  2072 | D:3      | 2072 ||| IDENTIFYING inky potion
  2079 | D:3      | 2079 ||| READING 2 scrolls of identify.
  2079 | D:3      | 2079 ||| IDENTIFYING smoky orange potion
  2128 | D:3      | 2128 ||| DROPPING +1 whip of holy wrath.
  2129 | D:3      | 2129 ||| DROPPING +0 mace.
  2462 | D:4      | 2462 ||| DROPPING +0 flail.
  2502 | D:4      | 2502 ||| Stepping ~*~*~tactically~*~*~ (stealth).
  2508 | D:4      | Reached XP level 5. HP: 32/32 MP: 5/5
  2510 | D:4      | Found a staircase to the Ecumenical Temple.
  2511 | D:4      | 2511 ||| PLANNING TEMPLE
  2516 | D:4      | 2516 ||| UPGRADING to ring of protection from fire.
  2517 | D:4      | 2517 ||| READING scroll labelled FIAKAI CIRYT.
  2518 | D:4      | 2518 ||| READING 2 scrolls of identify.
  2518 | D:4      | 2518 ||| IDENTIFYING sedimented silvery potion
  2526 | Temple   | Entered the Ecumenical Temple
  2533 | Temple   | 2533 ||| PLANNING OKAWARU WORSHIP
  2699 | Temple   | Became a worshipper of Warmaster Okawaru
  2700 | Temple   | 2700 ||| PLANNING D:1-11
  2763 | D:4      | 2763 ||| Stepping ~*~*~tactically~*~*~ (hiding).
  2764 | D:4      | 2764 ||| Stepping ~*~*~tactically~*~*~ (hiding).
  2766 | D:4      | 2766 ||| Stepping ~*~*~tactically~*~*~ (hiding).
  2767 | D:4      | 2767 ||| Stepping ~*~*~tactically~*~*~ (hiding).
  2768 | D:4      | 2768 ||| Stepping ~*~*~tactically~*~*~ (hiding).
  2774 | D:4      | Noticed a phantom
  2775 | D:4      | HP: 8/32 [gnoll/+0 spear (6)]
  2776 | D:4      | 2776 ||| DRINKING potion of heal wounds.
  2780 | D:4      | Reached skill level 5 in Axes
  2784 | D:4      | Killed a phantom
  2785 | D:4      | Reached XP level 6. HP: 39/39 MP: 6/6
  3003 | D:4      | 3003 ||| DROPPING ring of wizardry.
  3004 | D:4      | 3004 ||| READING scroll labelled DIAFODD APERPH.
  3013 | D:5      | Entered Level 5 of the Dungeon
  3024 | D:5      | 3024 ||| STAIRDANCE
  3032 | D:5      | Found an ancient bone altar of Kikubaaqudgha.
  3034 | D:5      | Reached skill level 1 in Dodging
  3147 | D:5      | Reached * piety under Okawaru
  3342 | D:5      | Reached skill level 1 in Invocations
  3370 | D:5      | Reached XP level 7. HP: 44/44 MP: 6/8
  3461 | D:5      | Found Kiaviufe's Distillery.
  3471 | D:5      | Reached skill level 6 in Axes
  3485 | D:5      | 3485 ||| BUYING potion of curing (39 gold).
  3485 | D:5      | Bought a potion of curing for 39 gold pieces
  3485 | D:5      | 3485 ||| BUYING potion of curing (39 gold).
  3485 | D:5      | Bought a potion of curing for 39 gold pieces
  3485 | D:5      | 3485 ||| BUYING potion of enlightenment (65 gold).
  3485 | D:5      | Bought a potion of enlightenment for 65 gold pieces
  3485 | D:5      | 3485 ||| BUYING potion of heal wounds (65 gold).
  3485 | D:5      | Bought a potion of heal wounds for 65 gold pieces
  3485 | D:5      | 3485 ||| BUYING potion of heal wounds (65 gold).
  3485 | D:5      | Bought a potion of heal wounds for 65 gold pieces
  3485 | D:5      | 3485 ||| SHOPLISTING potion of lignification (39 gold, have
                  | 12).
  3491 | D:5      | 3491 ||| Stepping ~*~*~tactically~*~*~ (stealth).
  3493 | D:5      | 3493 ||| Stepping ~*~*~tactically~*~*~ (stealth).
  3499 | D:5      | Reached ** piety under Okawaru
  3500 | D:5      | Reached skill level 3 in Invocations
  3652 | D:5      | 3652 ||| DRINKING 7 potions of curing.
  3652 | D:5      | 3652 ||| (to cure confusion)
  3694 | D:5      | Reached XP level 8. HP: 48/48 MP: 9/11
  3694 | D:5      | 3694 ||| FLEEEEING.
  3696 | D:5      | 3696 ||| FLEEEEING.
  3697 | D:5      | 3697 ||| FLEEEEING.
  3698 | D:5      | 3698 ||| FLEEEEING.
  3699 | D:5      | 3699 ||| FLEEEEING.
  3700 | D:5      | 3700 ||| FLEEEEING.
  3701 | D:5      | 3701 ||| FLEEEEING.
  3702 | D:5      | 3702 ||| FLEEEEING.
  3703 | D:5      | 3703 ||| FLEEEEING.
  3704 | D:5      | 3704 ||| FLEEEEING.
  3705 | D:5      | 3705 ||| FLEEEEING.
  3706 | D:5      | 3706 ||| FLEEEEING.
  3707 | D:5      | 3707 ||| FLEEEEING.
  3708 | D:5      | 3708 ||| FLEEEEING.
  3709 | D:5      | 3709 ||| FLEEEEING.
  3727 | D:5      | 3727 ||| Stepping ~*~*~tactically~*~*~ (hiding).
  3728 | D:5      | 3728 ||| Stepping ~*~*~tactically~*~*~ (hiding).
  3730 | D:5      | 3730 ||| Stepping ~*~*~tactically~*~*~ (hiding).
  4039 | D:5      | 4039 ||| DROPPING scarf of shadows.
  4040 | D:5      | 4040 ||| READING 2 scrolls labelled ISEUPN DEAN.
  4041 | D:5      | 4041 ||| READING scroll labelled LOUPAF MEHIER.
  4042 | D:5      | 4042 ||| DROPPING scroll of noise.
  4068 | D:6      | Noticed Maggie
  4077 | D:6      | 4077 ||| INVOKING Heroism.
  4081 | D:6      | Killed Maggie
  4082 | D:6      | Reached skill level 7 in Axes
  4116 | D:6      | 4116 ||| FLEEEEING.
  4117 | D:6      | 4117 ||| FLEEEEING.
  4119 | D:6      | 4119 ||| FLEEEEING.
  4120 | D:6      | 4120 ||| STAIRDANCE
  4249 | D:6      | Reached skill level 1 in Throwing
  4304 | D:6      | 4304 ||| Stepping ~*~*~tactically~*~*~ (stealth).
  4328 | D:6      | Noticed Duvessa
  4329 | D:6      | 4329 ||| INVOKING Heroism.
  4331 | D:6      | Noticed Dowan
  4332 | D:6      | 4332 ||| Stepping ~*~*~tactically~*~*~ (hiding).
  4336 | D:6      | Killed Duvessa
  4337 | D:6      | Reached skill level 8 in Axes
  4343 | D:6      | Killed Dowan
  4346 | D:6      | 4346 ||| Stepping ~*~*~tactically~*~*~ (stealth).
  4350 | D:6      | 4350 ||| Stepping ~*~*~tactically~*~*~ (stealth).
  4351 | D:6      | 4351 ||| Stepping ~*~*~tactically~*~*~ (stealth).
  4360 | D:6      | 4360 ||| INVOKING Heroism.
  4369 | D:6      | Found a shadowy altar of Dithmenos.
  4371 | D:6      | Reached skill level 6 in Fighting
  4387 | D:6      | Reached XP level 9. HP: 41/55 MP: 12/12
  4388 | D:6      | 4388 ||| INVOKING Heroism.
  5025 | D:6      | 5025 ||| UPGRADING to +1 swamp dragon scales.
  5035 | D:6      | 5035 ||| DROPPING +0 scale mail.
  5036 | D:6      | 5036 ||| UPGRADING to +0 plate armour.
  5046 | D:6      | 5046 ||| DROPPING +1 swamp dragon scales.
  5047 | D:6      | 5047 ||| READING scroll labelled XAUJAXI XYDURE.
  5048 | D:6      | 5048 ||| READING scroll labelled VISKIK TAPP.
  5049 | D:6      | 5049 ||| READING 3 scrolls of identify.
  5049 | D:6      | 5049 ||| IDENTIFYING sedimented clear potion
  5050 | D:6      | 5050 ||| READING 2 scrolls of identify.
  5050 | D:6      | 5050 ||| IDENTIFYING glowing green potion
  5080 | D:7      | 5080 ||| Stepping ~*~*~tactically~*~*~ (stealth).
  5133 | D:7      | Found a flagged portal.
  5207 | D:7      | 5207 ||| INVOKING Heroism.
  5278 | D:7      | 5278 ||| Stepping ~*~*~tactically~*~*~ (hiding).
  5280 | D:7      | 5280 ||| Stepping ~*~*~tactically~*~*~ (hiding).
  5285 | D:7      | 5285 ||| INVOKING Heroism.
  5288 | D:7      | 5288 ||| READING scroll labelled HEETZEO CINE.
  5460 | D:7      | 5460 ||| INVOKING Heroism.
  5470 | D:7      | Reached skill level 9 in Axes
  5555 | D:7      | 5555 ||| INVOKING Heroism.
  5743 | D:7      | Found an ornate altar of the Wu Jian Council.
  5818 | D:7      | 5818 ||| DROPPING amulet of magic regeneration.
  5819 | D:7      | 5819 ||| READING scroll labelled TUHEKEURIG.
  5819 | D:7      | Identified a scroll of acquirement
  5819 | D:7      | 5819 ||| ACQUIRING +1 war axe of venom
  5819 | D:7      | Acquired a +1 war axe of venom
  5821 | D:7      | 5821 ||| READING scroll labelled NOLUWKUGOR.
  5835 | D:8      | 5835 ||| INVOKING Heroism.
  5961 | D:8      | Reached *** piety under Okawaru
  5965 | D:8      | 5965 ||| INVOKING Heroism.
  5980 | D:8      | 5980 ||| INVOKING Heroism.
  6133 | D:8      | 6133 ||| Stepping ~*~*~tactically~*~*~ (hiding).
  6165 | D:8      | Noticed Maurice
  6166 | D:8      | 6166 ||| DRINKING 7 potions of curing.
  6166 | D:8      | 6166 ||| (to cure confusion)
  6167 | D:8      | 6167 ||| Stepping ~*~*~tactically~*~*~ (hiding).
  6168 | D:8      | 6168 ||| Stepping ~*~*~tactically~*~*~ (hiding).
  6173 | D:8      | 6173 ||| DRINKING 6 potions of curing.
  6173 | D:8      | 6173 ||| (to cure confusion)
  6182 | D:8      | Killed Maurice
  6183 | D:8      | Reached skill level 10 in Axes
  6183 | D:8      | Reached XP level 10. HP: 59/63 MP: 13/13
  6287 | D:8      | Reached skill level 6 in Armour
  6296 | D:8      | 6296 ||| Stepping ~*~*~tactically~*~*~ (stealth).
  6379 | D:8      | 6379 ||| Stepping ~*~*~tactically~*~*~ (stealth).
  6381 | D:8      | 6381 ||| Stepping ~*~*~tactically~*~*~ (stealth).
  6382 | D:8      | 6382 ||| Stepping ~*~*~tactically~*~*~ (stealth).
  6389 | D:8      | Reached **** piety under Okawaru
  6482 | D:8      | 6482 ||| INVOKING Heroism.
  6609 | D:8      | 6609 ||| FLEEEEING.
  6610 | D:8      | 6610 ||| FLEEEEING.
  6611 | D:8      | 6611 ||| FLEEEEING.
  6612 | D:8      | 6612 ||| FLEEEEING.
  6613 | D:8      | 6613 ||| FLEEEEING.
  6614 | D:8      | 6614 ||| FLEEEEING.
  6615 | D:8      | 6615 ||| FLEEEEING.
  6616 | D:8      | 6616 ||| FLEEEEING.
  6617 | D:8      | 6617 ||| STAIRDANCE
  6646 | D:7      | 6646 ||| READING 2 scrolls labelled EMMOXKEN WILEKK.
  6668 | D:8      | 6668 ||| Stepping ~*~*~tactically~*~*~ (hiding).
  6669 | D:8      | 6669 ||| Stepping ~*~*~tactically~*~*~ (hiding).
  6744 | D:8      | 6744 ||| INVOKING Heroism.
  6907 | D:8      | Found a staircase to the Lair.
  6969 | D:8      | 6969 ||| PLANNING LAIR
  7003 | Lair:1   | Entered Level 1 of the Lair of Beasts
  7008 | Lair:1   | 7008 ||| STAIRDANCE
  7042 | Lair:1   | 7042 ||| STAIRDANCE
  7044 | D:8      | Received a gift from Okawaru
  7049 | D:8      | Reached skill level 6 in Invocations
  7139 | Lair:1   | 7139 ||| INVOKING Heroism.
  7150 | Lair:1   | Received a gift from Okawaru
  7151 | Lair:1   | Reached XP level 11. HP: 50/68 MP: 13/16
  7154 | Lair:1   | Reached skill level 11 in Axes
  7345 | Lair:1   | 7345 ||| INVOKING Heroism.
  7396 | Lair:1   | 7396 ||| INVOKING Heroism.
  7690 | Lair:2   | Noticed a skyshark
  7690 | Lair:2   | Noticed a six-headed hydra
  7691 | Lair:2   | 7691 ||| INVOKING Heroism.
  7699 | Lair:2   | Killed a skyshark
  7700 | Lair:2   | 7700 ||| SWAPPING to +0 morningstar.
  7705 | Lair:2   | Killed a six-headed hydra
  7705 | Lair:2   | Reached ***** piety under Okawaru
  7706 | Lair:2   | Reached skill level 9 in Fighting
  7706 | Lair:2   | 7706 ||| SWAPPING to +0 spectral war axe.
  7711 | Lair:2   | 7711 ||| Stepping ~*~*~tactically~*~*~ (stealth).
  7713 | Lair:2   | 7713 ||| Stepping ~*~*~tactically~*~*~ (stealth).
  7717 | Lair:2   | 7717 ||| Stepping ~*~*~tactically~*~*~ (stealth).
  7786 | Lair:2   | 7786 ||| INVOKING Heroism.
  7800 | Lair:2   | Reached skill level 9 in Invocations
  7811 | Lair:2   | Received a gift from Okawaru
  7858 | Lair:2   | 7858 ||| Stepping ~*~*~tactically~*~*~ (stealth).
  7878 | Lair:2   | 7878 ||| SWAPPING to +2 heavy broad axe.
  7879 | Lair:2   | 7879 ||| DROPPING +1 war axe of venom.
  7880 | Lair:2   | 7880 ||| DROPPING +0 spectral war axe.
  7903 | Lair:2   | 7903 ||| INVOKING Heroism.
  7963 | Lair:2   | 7963 ||| FLEEEEING.
  7996 | Lair:2   | 7996 ||| INVOKING Heroism.
  8031 | Lair:2   | 8031 ||| INVOKING Heroism.
  8067 | Lair:2   | Found a staircase to the Swamp.
  8086 | Lair:2   | 8086 ||| INVOKING Heroism.
  8224 | Lair:2   | 8224 ||| Stepping ~*~*~tactically~*~*~ (stealth).
  8230 | Lair:2   | Reached XP level 12. HP: 53/76 MP: 19/19
  8230 | Lair:2   | 8230 ||| INVOKING Heroism.
  8233 | Lair:2   | Reached skill level 3 in Throwing
  8439 | Lair:2   | Reached skill level 12 in Axes
  8532 | Lair:2   | 8532 ||| FLEEEEING.
  8533 | Lair:2   | 8533 ||| FLEEEEING.
  8534 | Lair:2   | 8534 ||| FLEEEEING.
  8535 | Lair:2   | 8535 ||| FLEEEEING.
  8600 | Lair:2   | 8600 ||| INVOKING Heroism.
  8622 | Lair:2   | 8622 ||| Stepping ~*~*~tactically~*~*~ (stealth).
  8664 | Lair:2   | 8664 ||| INVOKING Heroism.
  8670 | Lair:2   | Reached skill level 6 in Shields
  8926 | Lair:2   | 8926 ||| READING 5 scrolls of identify.
  8926 | Lair:2   | 8926 ||| IDENTIFYING murky grey potion
  8961 | Lair:3   | 8961 ||| Stepping ~*~*~tactically~*~*~ (stealth).
  8964 | Lair:3   | 8964 ||| INVOKING Heroism.
  8981 | Lair:3   | Received a gift from Okawaru
  8990 | Lair:3   | 8990 ||| FLEEEEING.
  8991 | Lair:3   | 8991 ||| FLEEEEING.
  8992 | Lair:3   | 8992 ||| FLEEEEING.
  8993 | Lair:3   | 8993 ||| STAIRDANCE
  8995 | Lair:2   | 8995 ||| INVOKING Heroism.
  9119 | Lair:3   | 9119 ||| INVOKING Heroism.
  9388 | Lair:3   | 9388 ||| INVOKING Heroism.
  9599 | Lair:3   | 9599 ||| READING scroll of enchant armour.
  9599 | Lair:3   | 9599 ||| ENCHANTING +0 plate armour.
  9716 | Lair:3   | Found a hole to the Spider Nest.
 10113 | Lair:3   | 10113 ||| INVOKING Heroism.
 10235 | Lair:3   | Identified the +6 dagger "Jeuriymm" {drain, rN+}
 10347 | Lair:3   | 10347 ||| READING 4 scrolls of identify.
 10347 | Lair:3   | 10347 ||| IDENTIFYING brown potion
 10348 | Lair:3   | 10348 ||| DROPPING potion of invisibility.
 10405 | Lair:4   | Reached skill level 13 in Axes
 10475 | Lair:4   | 10475 ||| Stepping ~*~*~tactically~*~*~ (hiding).
 10477 | Lair:4   | 10477 ||| Stepping ~*~*~tactically~*~*~ (hiding).
 10478 | Lair:4   | 10478 ||| Stepping ~*~*~tactically~*~*~ (hiding).
 10479 | Lair:4   | 10479 ||| Stepping ~*~*~tactically~*~*~ (hiding).
 10481 | Lair:4   | 10481 ||| Stepping ~*~*~tactically~*~*~ (hiding).
 10490 | Lair:4   | 10490 ||| Stepping ~*~*~tactically~*~*~ (stealth).
 10508 | Lair:4   | Noticed a death yak
 10509 | Lair:4   | 10509 ||| INVOKING Heroism.
 10510 | Lair:4   | 10510 ||| INVOKING Finesse.
 10512 | Lair:4   | Noticed a death yak
 10518 | Lair:4   | Noticed a death yak
 10521 | Lair:4   | Killed a death yak
 10521 | Lair:4   | Received a gift from Okawaru
 10529 | Lair:4   | Killed a death yak
 10537 | Lair:4   | Killed a death yak
 10538 | Lair:4   | Reached XP level 13. HP: 73/82 MP: 14/20
 10671 | Lair:4   | 10671 ||| INVOKING Heroism.
 10699 | Lair:4   | Found a viscous altar of Jiyva.
 10701 | Lair:4   | Found a staircase to the Slime Pits.
 10702 | Lair:4   | 10702 ||| FLEEEEING.
 10703 | Lair:4   | 10703 ||| READING 3 scrolls of identify.
 10703 | Lair:4   | 10703 ||| IDENTIFYING purple potion
 10703 | Lair:4   | HP: 19/82 [oklob plant/splash of acid (15)]
 10703 | Lair:4   | HP: 9/82 [oklob plant/splash of acid (10)]
 10704 | Lair:4   | 10704 ||| READING 4 scrolls of teleportation.
 10704 | Lair:4   | Killed from afar by an oklob plant

Levels and vault maps discovered:
D:1:      nagdon_arrival_double_spiral, layout_loops_ring,
          dreamdust_ecumenical_altar_statues
D:2:      layout_rooms
D:3:      layout_loops_cross, lemuel_doored_altar, hangedman_glass_teeth
D:4:      layout_cave_pools, minmay_temple_entry_glass
D:5:      layout_loops_ring, nicolae_kikubaaqudgha_miasma_corner,
          roderic_lattice_a, minmay_shop_grid_forest
D:6:      layout_layer_cave, nicolae_dithmenos_the_darkroom, uniq_maggie,
          uniq_duvessa
D:7:      layout_basic, pdpol_wu_jian_five_deadly_venoms, enter_bailey_6
D:8:      layout_gridville, grunt_lair_entry_orc_guard_hut,
          kennysheep_generic_room_12, uniq_maurice
Temple:   bh_familiar_temple
Lair:1:   layout_cave_shapes
Lair:2:   layout_chaotic_city, swamp_mist, grunt_megastairs_3,
          infiniplex_staircase_pool, lemuel_fruit_fields, lemuel_fruit_fields
Lair:3:   minmay_lair_venomous_thicket, layout_cave_pods,
          spider_nest_entry_rubble, grunt_megastairs_4
Lair:4:   layout_long_grid, minmay_slime_entry_oklob_enclosed,
          gammafunk_ghost_hive, serial_bayou_ford_a

Skill      XL: |  1  2  3  4  5  6  7  8  9 10 11 12 |
---------------+-------------------------------------+-----
Axes           | 2 3 4 5 6 8 10 11 13 | 13.9
Fighting       | 4 6 7 8 9 10 | 10.0
Dodging        | 1 2 |  2.1
Invocations    | 1 4 7 10 | 10.0
Throwing       | 1 2 3 |  3.2
Armour         | 5 6 7 8 |  8.2
Shields        | 4 5 6 |  6.0

Action                     |  1- 3 |  4- 6 |  7- 9 | 10-12 | 13-15 || total
---------------------------+-------+-------+-------+-------+-------++-------
  Melee: War axe           |    82 |    69 |   181 |   123 |       ||   455
         Broad axe         |       |       |       |   179 |     6 ||   185
         Morningstar       |       |       |       |     4 |       ||     4
  Throw: Boomerang         |    12 |     6 |    46 |   162 |       ||   226
         Javelin           |       |       |       |    21 |     2 ||    23
 Invoke: Heroism           |       |       |    11 |    20 |     1 ||    32
         Finesse           |       |       |       |     1 |       ||     1
    Use: Potion            |     1 |     1 |     3 |       |       ||     5
         Scroll            |     3 |     6 |     9 |     4 |     2 ||    24
   Stab: Distracted        |       |       |     1 |     1 |       ||     2
 Armour: Scale mail        |    31 |    27 |    39 |       |       ||    97
         Plate armour      |       |       |    38 |   234 |     8 ||   280
  Dodge: Dodged            |    24 |    21 |    66 |   106 |     2 ||   219
  Block: Buckler           |    13 |     5 |    25 |    85 |       ||   128

Table legend:
 A = Non-vault XP
 B = Vault XP
 C = Vault XP percentage of total XP
 D = Non-vault monster count
 E = Vault monster count
 F = Vault count percentage of total count
                 A         B        C        D         E       F
            +---------+---------+-------+---------+---------+-------
      Total |   27443 |    6261 |  18.6 |     244 |      38 |  13.5
            +---------+---------+-------+---------+---------+-------
        D:1 |      27 |       0 |   0.0 |      15 |       0 |   0.0
        D:2 |      34 |       0 |   0.0 |      12 |       0 |   0.0
        D:3 |      46 |       0 |   0.0 |      20 |       0 |   0.0
        D:4 |     235 |       0 |   0.0 |      19 |       0 |   0.0
        D:5 |     870 |       0 |   0.0 |      16 |       0 |   0.0
        D:6 |     680 |     609 |  47.2 |      12 |       3 |  20.0
        D:7 |    1029 |       0 |   0.0 |      25 |       0 |   0.0
        D:8 |    3688 |     972 |  20.9 |      51 |       6 |  10.5
     Lair:1 |    3200 |       0 |   0.0 |      12 |       0 |   0.0
     Lair:2 |    8490 |    2223 |  20.8 |      32 |       7 |  17.9
     Lair:3 |    4108 |    2457 |  37.4 |      13 |      22 |  62.9
     Lair:4 |    5036 |       0 |   0.0 |      17 |       0 |   0.0
            +---------+---------+-------+---------+---------+-------
